 Dungeon Crawl Stone Soup version 0.25-a0-67-g7dccc1bee0 (webtiles) character file.

Game seed: 11091235532919626659, levelgen mode: deterministic

1220 iamserjio the Caller (level 8, -3/52 HPs)
             Began as an Octopode Summoner on Nov 1, 2019.
             Was a Follower of Uskayaw.
             Slain by an orc
             ... wielding a +1 short sword of venom
              (5 damage)
             ... on level 5 of the Dungeon.
             The game lasted 00:09:05 (7739 turns).

iamserjio the Caller (Octopode Summoner)            Turns: 7739, Time: 00:09:06

Health: -3/52      AC:  1    Str:  9    XL:     8   Next: 47%
Magic:  3/12       EV: 16    Int: 17    God:    Uskayaw [*.....]
Gold:   271        SH:  0    Dex: 13    Spells: 4/13 levels left

rFire    x . .     SeeInvis +   f - +2 short sword (protect)
rCold    + . .     Gourm    .   (no shield)
rNeg     + . .     Faith    .   (helmet restricted)
rPois    .         Spirit   .   (no amulet)
rElec    .         Reflect  .   r - ring of positive energy
rCorr    .         Harm     .   m - ring of see invisible
MR       .....                  t - ring of ice
Stlth    +++.......             (no ring)
HPRegen  0.17/turn              (no ring)
MPRegen  0.13/turn              (no ring)
                                (no ring)
                                (no ring)

@: no status effects
A: almost no armour, stealthy swim, amphibious, 8 rings, constrict 8, camouflage
1, gelatinous body 1
a: Stomp, Renounce Religion


You were on level 5 of the Dungeon.
You worshipped Uskayaw.
Uskayaw was noncommittal.
You were not hungry.

You visited 1 branch of the dungeon, and saw 5 of its levels.

You collected 271 gold pieces.

Inventory:

Hand Weapons
 a - a +0 short sword
 f - a +2 short sword of protection (weapon)
 n - a cursed -3 war axe
 p - a +0 antimagic spear
 s - a +0 flail of venom
 u - a +1 antimagic hand axe
Missiles
 v - 2 boomerangs (quivered)
Jewellery
 m - a ring of see invisible (right tentacle)
 r - a ring of positive energy (left tentacle)
 t - a ring of ice (on tentacle)
Scrolls
 d - 3 scrolls of remove curse {@r2}
 e - a scroll of amnesia
 h - 5 scrolls of identify {unknown}
Potions
 c - a potion of curing {unknown}
 g - a potion of lignification {unknown}
 k - 2 potions of cancellation {unknown}
 l - 2 potions of brilliance
 q - a potion of agility {unknown}
Comestibles
 b - 5 rations
 w - 2 chunks of flesh


   Skills:
 - Level 3.0 Fighting
 * Level 5.5 Dodging
 - Level 2.6 Stealth
 + Level 3.0 Spellcasting
 - Level 7.0 Summonings
 * Level 3.3 Air Magic
 + Level 2.5 Invocations


You had 4 spell levels left.
You knew the following spells:

 Your Spells              Type           Power        Failure   Level  Hunger
b - Call Canine Familiar  Summ           ####....     3%          3    ###....
c - Call Imp              Summ           ####....     1%          2    ##.....
d - Summon Lightning Spi  Summ/Air       ###.....     21%         4    ####...

Your spell library contained the following spells:

 Spells                   Type           Power        Failure   Level  Hunger
 Summon Small Mammal      Summ           ####         1%          1    None
 Summon Guardian Golem    Hex/Summ       ##......     12%         3    ###....
 Summon Ice Beast         Ice/Summ       ###.....     38%         4    ####...


Dungeon Overview and Level Annotations

Branches:
Dungeon (5/15)             Temple (0/1) D:4

Altars:
Cheibriados
Gozag
Hepliaklqana
Trog
Uskayaw
Yredelemnul
The Shining One

Annotations:
D:3 1 runed translucent door
D:5 Blork the orc, Dowan, Duvessa


Innate Abilities, Weirdness & Mutations

You cannot wear most types of armour.
You are very stealthy in the water. (Stealth+)
You are amphibious.
You can wear up to eight rings at the same time.
You can use your tentacles to constrict eight enemies at once.
Your skin changes colour to match your surroundings (Stealth+).
Your rubbery body absorbs attacks. (AC +1, EV +1)


Message History

* * * LOW HITPOINT WARNING * * *
As you read the scroll labeled IZXAES VEIBUST, it crumbles to dust.
The creatures around you are filled with an inner flame!
It was a scroll of immolation.
Blork the orc hits you but does no damage.
An ogre comes into view. It is wielding a +0 giant club.
The orc wizard closely misses you. The orc wizard misses you.
The quokka skeleton bites you but does no damage.
Duvessa hits you but does no damage.
As you read the scroll labeled YKA FISHRUI, it crumbles to dust.
It is a scroll of enchant weapon.
Your +1 short sword of protection glows red for a moment.
The crimson imp closely misses you. Blork the orc closely misses you.
The quokka skeleton misses you.
Duvessa says, "I don't care about looks, I care about technique!"
Duvessa barely misses you.
As you read the scroll labeled FUTASTR EGUIPP, it crumbles to dust.
You feel blessed for a moment.
It was a scroll of remove curse.
The orc hits you with a +1 short sword of venom.
You die...

##.#.......#
...#.#.#......#####
..O..#........#
..............#
.............#
#............
..#....Z.......
......ooo>......
.......@eo###...
.....Z5oZ.#
.......sh.#
.......o..#
.......e..#
...####...# ...
#...# ## #.o.#
#...#


You could see Duvessa (inner flame), Blork the orc (inner flame), an ogre, Dowan
(inner flame), a scorpion (inner flame), a hound (inner flame), an orc priest
(inner flame), 2 orc wizards, a crimson imp (inner flame), 3 orcs, a giant
cockroach zombie (inner flame), a kobold zombie (inner flame) and a quokka
skeleton (inner flame).

Vanquished Creatures
  Sigmund (D:3)
  Edmund (D:4)
  An ice beast (D:5)
  2 eyes of draining (D:5)
  4 big kobolds (D:3)
  A worker ant (D:4)
  Natasha (D:2)
  5 adders
  A gnoll (D:4)
  3 worms
  A dart slug (D:1)
  2 leopard geckos
  An orc (D:5)
  4 bats
  A giant cockroach (D:4)
  8 goblins
  12 hobgoblins
  7 jackals
  3 quokkas
  A ball python (D:2)
  3 frilled lizards
  42 kobolds
  A leopard gecko skeleton (D:4)
  10 rats
116 creatures vanquished.

Vanquished Creatures (collateral kills)
  An eye of draining (D:5)
  An ogre (D:4)
  A big kobold (D:3)
  A water moccasin skeleton (D:4)
  A worker ant (D:3)
  Natasha (twice) (D:2)
  4 gnolls
  3 adders
  An orc (D:5)
  A bat (D:3)
  2 giant cockroaches (D:3)
  A hobgoblin (D:3)
  14 kobolds
  2 rats (D:3)
35 creatures vanquished.

Grand Total: 151 creatures vanquished

Notes
Turn   | Place    | Note
-------+----------+-------------------------------------------
     0 | D:1      | iamserjio the Octopode Summoner began the quest for the
                  | Orb.
     0 | D:1      | Reached XP level 1. HP: 11/11 MP: 3/3
   398 | D:1      | Reached XP level 2. HP: 16/18 MP: 5/5
  1406 | D:1      | Reached skill level 1 in Fighting
  1448 | D:1      | Reached XP level 3. HP: 23/23 MP: 6/6
  1999 | D:2      | Found an opulent altar of Gozag.
  2103 | D:2      | Learned a level 3 spell: Call Canine Familiar
  2106 | D:2      | Learned a level 2 spell: Call Imp
  2187 | D:2      | Found a hazy altar of Hepliaklqana.
  2284 | D:2      | Reached XP level 4. HP: 25/28 MP: 7/7
  2432 | D:2      | Found a hide-covered altar of Uskayaw.
  2432 | D:2      | Noticed a -2 hand axe
  2433 | D:2      | Noticed a +0 hand axe
  2448 | D:2      | Became a worshipper of Uskayaw the Reveler
  2470 | D:2      | Reached * piety under Uskayaw
  2541 | D:2      | Noticed Natasha
  2550 | D:2      | Killed Natasha
  2884 | D:2      | Reached ** piety under Uskayaw
  3315 | D:2      | Found a hazy altar of Hepliaklqana.
  3478 | D:2      | Found an opulent altar of Gozag.
  3775 | D:2      | Found a hide-covered altar of Uskayaw.
  3871 | D:2      | Noticed Natasha
  3880 | D:2      | Killed Natasha
  4191 | D:2      | Noticed Natasha
  4205 | D:2      | Killed Natasha
  4205 | D:2      | Reached XP level 5. HP: 17/34 MP: 3/8
  4606 | D:3      | Found a glowing golden altar of the Shining One.
  4606 | D:3      | Found a runed translucent door.
  4606 | D:3      | Noticed an angel
  4861 | D:3      | Reached *** piety under Uskayaw
  5077 | D:3      | Noticed Sigmund
  5092 | D:3      | Killed Sigmund
  5092 | D:3      | Reached skill level 5 in Summonings
  5092 | D:3      | Reached XP level 6. HP: 41/41 MP: 2/9
  5362 | D:3      | Reached skill level 5 in Dodging
  5522 | D:3      | Reached XP level 7. HP: 22/46 MP: 3/10
  5791 | D:3      | Reached skill level 6 in Summonings
  6438 | D:3      | Reached skill level 7 in Summonings
  6591 | D:3      | Learned a level 4 spell: Summon Lightning Spire
  6596 | D:4      | Found a snail-covered altar of Cheibriados.
  6740 | D:4      | Noticed Edmund
  6753 | D:4      | Killed Edmund
  6753 | D:4      | Reached skill level 1 in Air Magic
  6753 | D:4      | Reached skill level 1 in Invocations
  6870 | D:4      | Found a basalt altar of Yredelemnul.
  6917 | D:4      | Reached XP level 8. HP: 45/52 MP: 11/11
  6962 | D:4      | Found a staircase to the Ecumenical Temple.
  7641 | D:5      | Entered Level 5 of the Dungeon
  7641 | D:5      | Found a bloodstained altar of Trog.
  7657 | D:5      | Reached **** piety under Uskayaw
  7704 | D:5      | Noticed Dowan
  7735 | D:5      | Noticed Duvessa
  7735 | D:5      | Noticed Blork the orc
  7736 | D:5      | HP: 1/52 [orc wizard/+0 dagger (2)]
  7739 | D:5      | Slain by an orc

Levels and vault maps discovered:
D:1:      lemuel_arrival_lava_pool, layout_basic
D:2:      layout_basic, dancing_weapons_uskayaw, lemuel_crystal_altar,
          nicolae_gozag_cash_rules_everything_around_me, serial_forest,
          infiniplex_forest_lined_2, infiniplex_forest_lined_room_3,
          infiniplex_forest_lined_2, infiniplex_forest_straight_4,
          infiniplex_forest_lined_ring, serial_bayou_lagoon_b, uniq_natasha
D:3:      minmay_goblin_kobold_castle, layout_loops_ring, first_ration,
          lemuel_angel_altar, uniq_sigmund
D:4:      layout_basic, kennysheep_mini, lemuel_crystal_altar,
          minmay_temple_entry_large_hall, uniq_edmund
D:5:      layout_basic, nicolae_tso_besieged_by_evil, trog_eyes_of_draining,
          lemuel_old_faithful, uniq_crazy_yiuf_cottage, uniq_duvessa,
          uniq_blork_the_orc

Skill      XL: |  1  2  3  4  5  6  7  8 |
---------------+-------------------------+-----
Fighting       | 1 2 3 |  3.0
Dodging        | 3 4 5 |  5.5
Summonings     | 5 7 |  7.0
Air Magic      | 1 3 |  3.3
Invocations    | 1 2 |  2.5
Spellcasting   | 3 |  3.0
Stealth        | |  2.6

Action                   |  1- 3 |  4- 6 |  7- 9 || total
-------------------------+-------+-------+-------++-------
Melee: Short sword       |    87 |   116 |   144 ||   347
       Unarmed           |     6 |       |       ||     6
       Constrict         |    23 |    31 |    25 ||    79
       Tentacles         |    14 |    25 |    26 ||    65
 Cast: Summon Small Mamm |     3 |       |       ||     3
       Call Canine Famil |       |    10 |    10 ||    20
       Call Imp          |       |    13 |    10 ||    23
       Summon Lightning  |       |       |     1 ||     1
Invok: Stomp             |       |       |     1 ||     1
  Use: Potion            |     4 |       |       ||     4
       Scroll            |       |       |     7 ||     7
 Stab: Sleeping          |    11 |     4 |     3 ||    18
       Paralysed         |       |     1 |     1 ||     2
       Distracted        |       |       |     2 ||     2
  Eat: Chunk             |     4 |     8 |     7 ||    19
       Ration            |       |     1 |     1 ||     2
Armor: Skin              |     4 |    25 |    38 ||    67
Dodge: Dodged            |    76 |   106 |   140 ||   322

Table legend:
 A = Non-vault XP
 B = Vault XP
 C = Vault XP percentage of total XP
 D = Non-vault monster count
 E = Vault monster count
 F = Vault count percentage of total count
                 A         B        C        D         E       F
            +---------+---------+-------+---------+---------+-------
      Total |     593 |    1151 |  66.0 |      94 |      57 |  37.7
            +---------+---------+-------+---------+---------+-------
        D:1 |      34 |       0 |   0.0 |      19 |       0 |   0.0
        D:2 |     123 |      20 |  14.0 |      38 |       1 |   2.6
        D:3 |     107 |     683 |  86.5 |      22 |      50 |  69.4
        D:4 |     218 |     127 |  36.8 |      13 |       1 |   7.1
        D:5 |     111 |     321 |  74.3 |       2 |       5 |  71.4
            +---------+---------+-------+---------+---------+-------
